[Event "ICC tourney 2049 (75 10)"]
[Site "Internet Chess Club"]
[Date "2020.10.10"]
[Round "3"]
[White "arya2"]
[Black "Randomdude21"]
[Result "1-0"]
[ICCResult "Black checkmated"]
[WhiteElo "2014"]
[BlackElo "1758"]
[Opening "Giuoco Piano"]
[ECO "C54"]
[NIC "IG.02"]
[Time "14:46:31"]
[TimeControl "4500+10"]

1. e4 e5 2. Nf3 Nc6 3. Bc4 Bc5 4. c3 Nf6 5. d4 exd4 6. e5 d5 7. Be2 Ne4 8.
cxd4 Bb4+ 9. Bd2 Nxd2 10. Nbxd2 Bf5 11. O-O O-O 12. Nb3 f6 13. a3 Be7 14.
Rc1 fxe5 15. Nxe5 Nxe5 16. dxe5 Bg5 17. f4 Be7 18. Bd3 c6 19. Bxf5 Rxf5 20.
Kh1 Qb6 21. Nd4 Rf7 22. f5 Qc7 23. Qe2 Qb6 24. Ne6 Re8 25. Rc3 c5 26. Rg3
Kh8 27. Ng5 Bxg5 28. Rxg5 Qh6 29. Rg3 Ref8 30. Rgf3 d4 31. e6 Rf6 32. Qb5
Qh5 33. Qxc5 d3 34. Rxd3 b6 35. Qd6 Re8 36. Qd7 Rexe6 37. Qxe6 Rxe6 38. fxe6
h6 39. Re3 Qc5 40. Rfe1 Qe7 41. h3 g5 42. Rd3 Qf6 43. e7 Qf2 44. e8=Q+ Kh7
45. Rd7+ Qf7 46. Qxf7+ Kh8 47. Re8# {Black checkmated} 1-0

[Event "ICC tourney 2049 (75 10)"]
[Site "Internet Chess Club"]
[Date "2020.10.10"]
[Round "3"]
[White "andrewf2009"]
[Black "CoolKoiFish"]
[Result "0-1"]
[ICCResult "White resigns"]
[WhiteElo "1751"]
[BlackElo "1949"]
[Opening "Ruy Lopez: 5.O-O"]
[ECO "C78"]
[NIC "RL.12"]
[Time "14:46:26"]
[TimeControl "4500+10"]

1. e4 e5 2. Nf3 Nc6 3. Bb5 a6 4. Ba4 Nf6 5. O-O b5 6. Bb3 Bc5 7. Nxe5 Nxe5
8. d4 Bxd4 9. Qxd4 d6 10. f4 c5 11. Qd1 Ng6 12. Bd5 Nxd5 13. Qxd5 Ra7 14. f5
Ne7 15. Qd1 f6 16. Qh5+ Kf8 17. g4 Qe8 18. Qh4 Ng8 19. g5 Re7 20. Nc3 Bb7
21. gxf6 Nxf6 22. Bh6 Qf7 23. Bg5 b4 24. Nd5 Bxd5 25. exd5 Re4 26. Bxf6 Rxh4
27. Bxh4 Qh5 28. Bg3 Kf7 29. Bxd6 Rd8 30. Bxc5 Rxd5 31. Bxb4 Qg4+ 32. Kh1
Qxb4 33. b3 Qe4+ 34. Kg1 Qg4+ 35. Kh1 Rd2 36. Rg1 Qe4+ {White resigns} 0-1

[Event "ICC tourney 2049 (75 10)"]
[Site "Internet Chess Club"]
[Date "2020.10.10"]
[Round "3"]
[White "prudhvi"]
[Black "pawnpush202044"]
[Result "1-0"]
[ICCResult "Black checkmated"]
[WhiteElo "2135"]
[BlackElo "1950"]
[Opening "Queen's pawn game, Rubinstein (Colle-Zukertort) variation"]
[ECO "D05"]
[NIC "QP.09"]
[Time "14:46:36"]
[TimeControl "4500+10"]

1. Nf3 d5 2. d4 Nf6 3. e3 e6 4. Bd3 c5 5. b3 Nc6 6. Bb2 Bd6 7. O-O O-O 8.
Nbd2 Re8 9. Ne5 cxd4 10. exd4 Qc7 11. Ndf3 Bd7 12. a3 Rac8 13. Qe2 h6 14.
Rae1 a6 15. c4 Ne7 16. c5 Bxe5 17. Nxe5 Nc6 18. b4 Nxe5 19. dxe5 Ne4 20. f3
Ng5 21. h4 Nh7 22. Bd4 Qd8 23. g3 f5 24. exf6 Nxf6 25. g4 e5 26. Bxe5 Ne4
27. Bxe4 Rxe5 28. Bh7+ Kxh7 29. Qxe5 Qxh4 30. Kg2 Re8 31. Qg3 Qf6 32. Rxe8
Bxe8 33. Re1 Bg6 34. Qe5 Qc6 35. Qd6 Qa4 36. Qxd5 Qxa3 37. Qxb7 Qb2+ 38. Kg3
h5 39. gxh5 Bxh5 40. Qe4+ Kg8 41. Qd5+ Bf7 42. Re8+ Kh7 43. Qf5+ Bg6 44.
Qh3+ Bh5 45. Qxh5# {Black checkmated} 1-0

[Event "ICC tourney 2049 (75 10)"]
[Site "Internet Chess Club"]
[Date "2020.10.10"]
[Round "3"]
[White "Heliosis"]
[Black "chessrani"]
[Result "1-0"]
[ICCResult "Black resigns"]
[WhiteElo "1891"]
[BlackElo "2029"]
[Opening "Sicilian: Nimzovich-Rossolimo attack (with ...g6, without ...d6)"]
[ECO "B31"]
[NIC "SI.31"]
[Time "14:46:44"]
[TimeControl "4500+10"]

1. e4 c5 2. Nf3 Nc6 3. Bb5 g6 4. Bxc6 dxc6 5. d3 Bg7 6. O-O Nf6 7. Nc3 O-O
8. Be3 b6 9. h3 Bb7 10. Qd2 Re8 11. Bh6 e5 12. Bxg7 Kxg7 13. Qe3 Qd6 14. Nd2
Nh5 15. Ne2 Rad8 16. Nc4 Qc7 17. f4 exf4 18. Nxf4 Nxf4 19. Rxf4 Ba6 20. Nd2
Qe5 21. Raf1 Rd7 22. Nf3 Qxb2 23. Ng5 Ree7 24. Qf3 Qd4+ 25. Kh1 c4 26. Rxf7+
Rxf7 27. Nxf7 cxd3 28. e5 Qh4 29. Ng5 Qb4 30. e6 Rc7 31. Qf6+ Kh6 32. Nf7+
Rxf7 33. exf7 Qf8 34. Rf4 {Black resigns} 1-0

[Event "ICC tourney 2049 (75 10)"]
[Site "Internet Chess Club"]
[Date "2020.10.10"]
[Round "3"]
[White "IAlwaysWin"]
[Black "IndianTerritory"]
[Result "0-1"]
[ICCResult "White resigns"]
[WhiteElo "1951"]
[BlackElo "2087"]
[Opening "Nimzovich-Larsen attack"]
[ECO "A01"]
[NIC "VO.08"]
[Time "14:46:57"]
[TimeControl "4500+10"]

1. b3 c6 2. Bb2 d5 3. e3 Nf6 4. c4 e6 5. Nf3 Bb4 6. a3 Be7 7. Qc2 O-O 8. Nc3
Nbd7 9. d4 b6 10. Bd3 Ba6 11. O-O Bb7 12. Rad1 dxc4 13. bxc4 Qc7 14. e4 e5
15. Nxe5 Nxe5 16. dxe5 Ng4 17. Qe2 Nxe5 18. f4 Nxd3 19. Rxd3 Rad8 20. Rg3
Bc5+ 21. Kh1 f6 22. Qh5 Qf7 23. Qg4 Bc8 24. f5 Bd6 25. Rh3 Ba6 26. Qh4 h6
27. Bc1 Qxc4 28. Rg1 Be5 29. Bxh6 gxh6 30. Qxh6 Kf7 31. Qg6+ Ke7 32. Rh7+
Kd6 33. Qg7 Kc5 34. Nb1 Rg8 35. Qe7+ Kb5 36. Rh3 Ka5 37. a4 Rxg2 38. Kxg2
Qe2+ {White resigns} 0-1

[Event "ICC tourney 2049 (75 10)"]
[Site "Internet Chess Club"]
[Date "2020.10.10"]
[Round "3"]
[White "PearsonH"]
[Black "spellking98"]
[Result "0-1"]
[ICCResult "White resigns"]
[WhiteElo "1768"]
[BlackElo "2150"]
[Opening "Queen's pawn: London system"]
[ECO "A45"]
[NIC "QP.07"]
[Time "14:46:51"]
[TimeControl "4500+10"]

1. d4 Nf6 2. Bf4 g6 3. Nc3 Bg7 4. e4 d6 5. Qd2 c6 6. f3 Nbd7 7. g4 h5 8. g5
Nh7 9. Be3 Nhf8 10. f4 b5 11. Nf3 Nb6 12. b3 d5 13. e5 Bf5 14. Bd3 Qc8 15.
Ne2 Be4 16. Kf2 f5 17. Rhg1 Bxf3 18. Kxf3 Ne6 19. Nc1 O-O 20. Be2 Rd8 21.
Nd3 a5 22. Qe1 Nd7 23. Qf2 c5 24. dxc5 d4 25. Bd2 Ndxc5 26. Nxc5 Nxc5 27.
Bd3 e6 28. Qe2 Bf8 29. Kg3 Qb7 30. Qg2 Rd5 31. Rac1 Rc8 32. Rge1 Nxd3 33.
cxd3 Ba3 34. Rxc8+ Qxc8 35. Qe2 b4 36. Qd1 Rc5 37. Qa1 Rc2 38. Rd1 Bb2 39.
Qb1 Qc6 40. Kf2 Ba3 41. Qa1 Bb2 42. Qb1 Qc3 43. Ke2 Ba3 44. Qa1 Rxd2+
{White resigns}
0-1

[Event "ICC tourney 2049 (75 10)"]
[Site "Internet Chess Club"]
[Date "2020.10.10"]
[Round "3"]
[White "goodcrowdchess"]
[Black "Kausy"]
[Result "1-0"]
[ICCResult "Black resigns"]
[WhiteElo "1627"]
[BlackElo "1702"]
[Opening "Scotch: Potter variation"]
[ECO "C45"]
[NIC "SO.05"]
[Time "14:46:45"]
[TimeControl "4500+10"]

1. e4 e5 2. Nf3 Nc6 3. d4 exd4 4. Nxd4 Bc5 5. Nb3 Bb6 6. Nc3 Nf6 7. Qe2 d6
8. Be3 Bxe3 9. Qxe3 Be6 10. O-O-O Qe7 11. f3 O-O-O 12. Bb5 Bd7 13. Bxc6 Bxc6
14. Qxa7 b6 15. Nd4 Bb7 16. Rhe1 Rhe8 17. g3 Qe5 18. Qa4 Qg5+ 19. Kb1 Qc5
20. Ncb5 c6 21. Nc3 Kc7 22. Qb3 Rd7 23. h4 d5 24. e5 Rde7 25. f4 Nd7 26. Nf5
g6 27. Nxe7 Rxe7 28. Re2 Ba6 29. Red2 Bc4 30. Qa4 Qa5 31. Qxa5 bxa5 32. b3
Ba6 33. Na4 f6 34. exf6 Nxf6 35. Nc5 Bc8 36. c4 Kd6 37. Na4 Ne4 38. Rg2 Bg4
39. Rd3 Nf6 40. Kb2 Bf5 41. Rd1 Ng4 42. Rgd2 Ne3 43. Rg1 h5 44. Nc3 Kc5 45.
cxd5 cxd5 46. Rc1 Kd6 47. Nb5+ Ke6 48. Re2 Kf6 49. Rce1 Nd1+ 50. Kc1 Rb7 51.
Nd6 Rd7 52. Nxf5 Nc3 53. Rc2 Ne4 54. Nd4 Nxg3 55. Rc6+ Kf7 56. Ree6 Nf5 57.
Rf6+ Kg7 58. Rxg6+ Kf7 59. Nxf5 Kf8 60. Rgf6+ {Black resigns} 1-0

[Event "ICC tourney 2049 (75 10)"]
[Site "Internet Chess Club"]
[Date "2020.10.10"]
[Round "3"]
[White "RhettLangseth"]
[Black "KittiesRock18"]
[Result "0-1"]
[ICCResult "White checkmated"]
[WhiteElo "1937"]
[BlackElo "1558"]
[Opening "Queen's pawn, Mason variation, Steinitz counter-gambit"]
[ECO "D00"]
[NIC "QP.08"]
[Time "14:46:34"]
[TimeControl "4500+10"]

1. d4 d5 2. Bf4 c5 3. e3 Nc6 4. c3 Bf5 5. Na3 cxd4 6. exd4 e6 7. Qb3 Qd7 8.
Nb5 Rc8 9. a4 h6 10. Nf3 a6 11. Na3 Nf6 12. Ne5 Nxe5 13. Bxe5 Ng4 14. Bg3
Be7 15. Nc2 Nf6 16. Ne3 Bg6 17. Be5 O-O 18. Be2 Ne4 19. f3 Bh4+ 20. g3 Bg5
21. Nf1 f6 22. Bf4 Bxf4 23. gxf4 Nd6 24. Rg1 Bh7 25. Ng3 Nf5 26. Bd3 Nh4 27.
Bxh7+ Kxh7 28. Kf2 Rce8 29. Qc2+ Kh8 30. Rae1 e5 31. f5 exd4 32. cxd4 Rxe1
33. Rxe1 Rc8 34. Qd3 Qxa4 35. b3 Qa2+ 36. Re2 Qa1 37. Qd2 Qc1 38. Re8+ Kh7
39. Qxc1 Rxc1 40. Re7 Rc2+ 41. Ke3 Rc3+ 42. Kf4 Rxb3 43. Kg4 Nxf3 44. Nh5
Nxh2+ 45. Kh4 Nf3+ 46. Kg4 Kg8 47. Rxg7+ Kf8 48. Rd7 Nh2+ 49. Kh4 Rf3 50.
Rxb7 Rxf5 51. Rb6 Nf3+ 52. Kg4 Nxd4 53. Nxf6 a5 54. Nd7+ Ke7 55. Nb8 h5+ 56.
Kh4 a4 57. Ra6 Rf8 58. Ra7+ Kd6 59. Rd7+ Ke6 60. Rb7 a3 61. Rb6+ Kf5 62. Rb1
Rc8 63. Na6 Rc3 64. Nb4 Nf3+ 65. Kxh5 Nd2 66. Rh1 Rc8 67. Kh4 Rh8+ 68. Kg3
Rxh1 69. Nxd5 a2 70. Ne3+ Ke4 71. Kf2 a1=Q 72. Nc2 Qf1+ 73. Kg3 Qg1#
{White checkmated}
0-1

[Event "ICC tourney 2049 (75 10)"]
[Site "Internet Chess Club"]
[Date "2020.10.10"]
[Round "3"]
[White "kralj8"]
[Black "investigator"]
[Result "1-0"]
[ICCResult "Black resigns"]
[WhiteElo "1936"]
[BlackElo "2077"]
[Opening "Pirc: classical system, 5.Be2"]
[ECO "B08"]
[NIC "PU.01"]
[Time "14:46:25"]
[TimeControl "4500+10"]

1. e4 d6 2. d4 Nf6 3. Nc3 g6 4. Nf3 Bg7 5. Be2 O-O 6. O-O Bg4 7. h3 Bxf3 8.
Bxf3 Nc6 9. Be3 e5 10. d5 Ne7 11. g4 c6 12. g5 Ne8 13. Qd2 c5 14. a3 f5 15.
gxf6 Nxf6 16. Bg4 Nxg4 17. hxg4 Qd7 18. f3 Rf7 19. Qg2 b5 20. Nd1 h6 21. g5
hxg5 22. Bxg5 Bf6 23. Bxf6 Rxf6 24. Nf2 Kg7 25. Nh3 Rh8 26. Ng5 Ng8 27. Kf2
Rh5 28. Rh1 Rh6 29. Rxh6 Nxh6 30. Rh1 Qe8 31. Qh3 Nf7 32. Ne6+ Rxe6 33. dxe6
Ng5 34. Qh6+ Kf6 35. e7 Nf7 36. Qh4+ g5 37. Qg4 Kxe7 38. Qf5 a5 39. Qg6 Qd7
40. Rh7 Qe6 41. Qxg5+ Kf8 42. Qg7+ Ke7 43. Rh8 Kd7 44. Rf8 Ke7 45. Ra8 Qd7
46. Qg8 a4 47. Rf8 Kf6 48. Kg3 c4 49. Kh4 Qe7 50. Kh5 {Black resigns} 1-0

[Event "ICC tourney 2049 (75 10)"]
[Site "Internet Chess Club"]
[Date "2020.10.10"]
[Round "3"]
[White "Slivovitz"]
[Black "Adhvaith0406"]
[Result "1-0"]
[ICCResult "Black resigns"]
[WhiteElo "2111"]
[BlackElo "1988"]
[Opening "Queen's Indian: old main line, 9.Qxc3"]
[ECO "E19"]
[NIC "QI.13"]
[Time "14:46:45"]
[TimeControl "4500+10"]

1. Nf3 Nf6 2. g3 b6 3. Bg2 Bb7 4. c4 e6 5. Nc3 Be7 6. d4 O-O 7. O-O Ne4 8.
Qc2 Nxc3 9. Qxc3 c5 10. Bf4 cxd4 11. Qxd4 Nc6 12. Qd2 d6 13. Rfd1 e5 14. Be3
Qc7 15. Rac1 Rfd8 16. Ng5 h6 17. Ne4 Nb8 18. Nc3 Nd7 19. Nb5 Qb8 20. Bxb7
Qxb7 21. Nxd6 Qa6 22. Nf5 Bf8 23. b3 Kh7 24. Qc2 g6 25. Nd6 Kg7 26. Ne8+
Rxe8 27. Rxd7 Rad8 28. Rcd1 Rxd7 29. Rxd7 Re7 30. Rd8 g5 31. Qd2 f6 32. c5
Rf7 33. c6 Qb5 34. Rc8 Qa6 35. Qd8 Qxa2 36. Qd5 Qb1+ 37. Kg2 Qf5 38. Rd8 Rc7
39. Rxf8 Kxf8 40. Qd8+ Kg7 41. Qxc7+ Kg6 42. Qd7 Qe4+ 43. Kh3 f5 44. c7 Qg4+
45. Kg2 Qe4+ 46. f3 Qxe3 47. Qd3 Qc5 48. Qc4 {Black resigns} 1-0

[Event "ICC tourney 2049 (75 10)"]
[Site "Internet Chess Club"]
[Date "2020.10.10"]
[Round "3"]
[White "Arsalchess"]
[Black "Vish1080"]
[Result "0-1"]
[ICCResult "White forfeits on time"]
[WhiteElo "1899"]
[BlackElo "1690"]
[Opening "Sicilian: Labourdonnais-Löwenthal (Kalashnikov) variation"]
[ECO "B32"]
[NIC "SI.32"]
[Time "14:46:44"]
[TimeControl "4500+10"]

1. e4 c5 2. Nf3 Nc6 3. d4 cxd4 4. Nxd4 e5 5. Nb5 d6 6. N1c3 a6 7. Na3 Be7 8.
Nd5 Be6 9. Be3 Bxd5 10. exd5 Nb8 11. c3 Nd7 12. Qb3 b5 13. c4 bxc4 14. Nxc4
f5 15. Qa4 Nf6 16. Rd1 O-O 17. Na5 f4 18. Nc6 Qe8 19. Ba7 Nb8 20. Bxb8 Rxb8
21. Qxa6 Rxb2 22. Qa3 Rb6 23. Qa7 Bd8 24. a4 Rxc6 25. dxc6 Qxc6 26. Bb5 Qxg2
27. Kd2 Ne4+ 28. Kc1 Qxf2 29. Qb7 Qc5+ 30. Kb2 Qc3+ 31. Ka2 Qc2+ 32. Ka3 Ba5
33. Rc1 Bb4+ 34. Kxb4 Qd2+ 35. Ka3 Qe3+ 36. Kb2 Qd2+ 37. Rc2 Qb4+ 38. Ka1
Nc3 39. Ra2 Nxa2 40. Rb1 Qd4+ 41. Kxa2 f3 42. a5 Qd2+ 43. Kb3 Qxa5 44. Bc4+
Kh8 45. Rf1 e4 46. Qxe4 f2 47. Qb7 Qe5 48. Ka4 Qf4 49. Kb5 Qxh2
{White forfeits on time}
0-1

[Event "ICC tourney 2049 (75 10)"]
[Site "Internet Chess Club"]
[Date "2020.10.10"]
[Round "3"]
[White "RG2017"]
[Black "Yooper"]
[Result "0-1"]
[ICCResult "White resigns"]
[WhiteElo "1881"]
[BlackElo "2019"]
[Opening "QGA: classical, 6...a6"]
[ECO "D27"]
[NIC "QG.07"]
[Time "14:46:30"]
[TimeControl "4500+10"]

1. d4 d5 2. c4 dxc4 3. Nf3 Nf6 4. e3 e6 5. Bxc4 c5 6. O-O a6 7. Bb3 b5 8. a4
Bb7 9. Nc3 c4 10. Bc2 b4 11. Ne2 Nbd7 12. Ng3 Be7 13. e4 O-O 14. Bf4 a5 15.
Ne5 Rc8 16. Nxd7 Qxd7 17. d5 Ne8 18. Qg4 Nf6 19. Qd1 Rfd8 20. dxe6 Qxe6 21.
Qc1 c3 22. b3 Nd7 23. e5 g6 24. Re1 Bd5 25. Bg5 Nc5 26. Rb1 Nxb3 27. Bxb3
Bxg5 28. Qxg5 Bxb3 29. Nh5 c2 30. Rbc1 Qf5 31. Nf6+ Kg7 32. Qh4 h6 33. f4
Rd1 34. Ng4 Rxe1+ 35. Rxe1 Qxf4 {White resigns} 0-1

[Event "ICC tourney 2049 (75 10)"]
[Site "Internet Chess Club"]
[Date "2020.10.10"]
[Round "3"]
[White "ryanwang"]
[Black "qiaoqiaoszx"]
[Result "0-1"]
[ICCResult "White resigns"]
[WhiteElo "1836"]
[BlackElo "2143"]
[Opening "Sicilian: dragon, classical, Richter variation"]
[ECO "B73"]
[NIC "SI.15"]
[Time "14:46:26"]
[TimeControl "4500+10"]

1. e4 c5 2. Nf3 d6 3. d4 cxd4 4. Nxd4 Nf6 5. Nc3 g6 6. Be2 Bg7 7. O-O O-O 8.
Be3 Nc6 9. Qd2 Bd7 10. Nb3 Rc8 11. Bh6 Ne5 12. Bxg7 Kxg7 13. a4 Qc7 14. f4
Nc4 15. Bxc4 Qxc4 16. Qd3 Be6 17. Nd4 Qc5 18. Rf2 Ng4 19. Rd2 Bc4 20. Qg3 e5
21. Qxg4 exd4 22. Nd1 d3+ 23. Kh1 dxc2 24. Rxc2 f5 25. exf5 Rxf5 26. Nf2 Qe3
27. Nh3 Rc6 28. Qh4 Rh5 29. Qf2 Rxh3 30. gxh3 Bd5+ 31. Kg1 Qe4 32. Qg2 Rxc2
{White resigns}
0-1

[Event "ICC tourney 2049 (75 10)"]
[Site "Internet Chess Club"]
[Date "2020.10.10"]
[Round "3"]
[White "BadWolf"]
[Black "pianoboy"]
[Result "1-0"]
[ICCResult "Black resigns"]
[WhiteElo "1971"]
[BlackElo "1882"]
[Opening "QGD: Charousek (Petrosian) variation"]
[ECO "D31"]
[NIC "QP.08"]
[Time "14:46:39"]
[TimeControl "4500+10"]

1. d4 d5 2. c4 e6 3. Nc3 Be7 4. Bf4 Nf6 5. e3 O-O 6. h3 a6 7. cxd5 exd5 8.
Bd3 Re8 9. Nf3 c5 10. O-O Nc6 11. Rc1 cxd4 12. exd4 h6 13. Bb1 Bd6 14. Bxd6
Qxd6 15. Qb3 Rb8 16. Rfe1 Be6 17. Na4 Qf4 18. Qe3 Qd6 19. Ne5 Rbc8 20. Nc5
Re7 21. f4 Rec7 22. f5 Bd7 23. Nexd7 Nxd7 24. Nxd7 Rxd7 25. f6 Rdd8 26. fxg7
Kxg7 27. Qd3 Qf6 28. Qh7+ Kf8 29. Rf1 Qxd4+ 30. Kh1 Qg7 31. Qd3 Rc7 32. Qa3+
Kg8 33. Rc3 Kh8 34. Rg3 Qe5 35. Qd3 Qe4 36. Qd2 Qe6 37. Re1 Qd6 38. Rg4 Re7
39. Rxe7 Nxe7 40. Qd4+ f6 41. Qd3 Nf5 42. Qxf5 Rd7 43. Qg6 Qf8 44. Rh4 Qg7
45. Qe8+ Qg8 46. Rxh6+ Kg7 47. Rg6+ {Black resigns} 1-0

[Event "ICC tourney 2049 (75 10)"]
[Site "Internet Chess Club"]
[Date "2020.10.10"]
[Round "3"]
[White "pika0008"]
[Black "BranKing"]
[Result "1-0"]
[ICCResult "Black forfeits on time"]
[WhiteElo "1690"]
[BlackElo "2080"]
[Opening "Réti v Dutch"]
[ECO "A04"]
[NIC "QP.11"]
[Time "14:47:06"]
[TimeControl "4500+10"]

1. Nf3 f5 2. c4 Nf6 3. Nc3 e6 4. d4 Bb4 5. Qb3 Bxc3+ 6. Qxc3 O-O 7. h4 Ne4
8. Qc2 b6 9. Bf4 Bb7 10. e3 d6 11. O-O-O Qe8 12. Bd3 Nd7 13. Rdg1 e5 14. Bh2
exd4 15. exd4 Ndf6 16. Kb1 Ng4 17. Rf1 Qg6 18. Bf4 Rae8 19. h5 Qf6 20. Bc1
c6 21. b3 d5 22. Bb2 Bc8 23. a3 f4 24. Ka2 Bf5 25. Nh4 Nh6 26. Re1 Nd6 27.
Nf3 Bxd3 28. Qxd3 Ng4 29. Qc2 dxc4 30. bxc4 Qf7 31. Rc1 b5 32. Rh4 Nh6 33.
Ne5 Qe7 34. Rh3 Qe6 35. Kb1 bxc4 36. Nxc4 Nxc4 37. Qxc4 Qxc4 38. Rxc4 Re1+
39. Rc1 Re2 40. Rc2 Re1+ 41. Rc1 Rxc1+ 42. Kxc1 Ng4 43. Rf3 g5 44. hxg6 hxg6
45. Kc2 g5 46. Bc1 Re8 47. Kd3 c5 48. Bxf4 {Black forfeits on time} 1-0

[Event "ICC tourney 2049 (75 10)"]
[Site "Internet Chess Club"]
[Date "2020.10.10"]
[Round "3"]
[White "karuto2006"]
[Black "Sricharan07"]
[Result "1-0"]
[ICCResult "Black resigns"]
[WhiteElo "1757"]
[BlackElo "1875"]
[Opening "French: Tarrasch, closed variation, main line"]
[ECO "C06"]
[NIC "FR.17"]
[Time "14:46:55"]
[TimeControl "4500+10"]

1. e4 e6 2. d4 d5 3. Nd2 Nf6 4. e5 Nfd7 5. Bd3 c5 6. c3 Nc6 7. Ne2 cxd4 8.
cxd4 f6 9. exf6 Nxf6 10. O-O Bd6 11. Nf3 O-O 12. Re1 Bd7 13. Bg5 Qc7 14. Bh4
Rac8 15. Bg3 Bxg3 16. Nxg3 Nb4 17. Bb1 Rfe8 18. a3 Nc2 19. Bxc2 Qxc2 20. Re2
Qc7 21. Ne5 Bb5 22. Re1 Qb6 23. Qd2 Rc7 24. a4 Bc4 25. a5 Qd6 26. b4 a6 27.
Rac1 Rec8 28. f3 Bb5 29. Rxc7 Qxc7 30. Ne2 Bxe2 31. Rxe2 Qc3 32. Kf2 Qxd2
33. Rxd2 Rc3 34. Rb2 h6 35. Ke2 Kf8 36. Nd3 Rc7 37. Nc5 Ke7 38. b5 Nd7 39.
b6 Rxc5 40. dxc5 Nxc5 41. Rc2 Kd6 42. Ke3 e5 43. Ra2 d4+ 44. Kd2 Kd5 45. Ke2
Kc4 46. Kd2 d3 47. Kd1 Kc3 48. h4 Kd4 49. Ra3 e4 50. fxe4 Nxe4 51. Ra4+ Ke3
52. Ra3 Kd4 53. Ra4+ Ke3 54. Ra3 Nd6 55. Rc3 Ne4 56. Ra3 g5 57. hxg5 hxg5
58. Rb3 g4 59. Ke1 Nc5 60. Rc3 Na4 61. Rb3 g3 62. Ra3 Nc5 63. Rc3 Ne4 64.
Ra3 Ng5 65. Rb3 Ne6 66. Ra3 Nf4 67. Ra2 Nd5 68. Ra3 Nb4 69. Rc3 Nd5 70. Rc7
Nf4 71. Rxb7 Nxg2+ 72. Kd1 Nf4 73. Re7+ Kf2 74. b7 g2 75. Rg7 Nd5 76. Rxg2+
Kxg2 77. b8=Q Kf2 78. Qb2+ Ke3 79. Qe5+ {Black resigns} 1-0

[Event "ICC tourney 2049 (75 10)"]
[Site "Internet Chess Club"]
[Date "2020.10.10"]
[Round "3"]
[White "ZaeemA"]
[Black "Natey"]
[Result "1-0"]
[ICCResult "Black resigns"]
[WhiteElo "1739"]
[BlackElo "1687"]
[Opening "Giuoco Pianissimo: Italian four knights variation"]
[ECO "C50"]
[NIC "IG.02"]
[Time "14:46:48"]
[TimeControl "4500+10"]

1. e4 e5 2. Nf3 Nc6 3. Bc4 Bc5 4. d3 Nf6 5. Nc3 d6 6. h3 O-O 7. Bg5 h6 8.
Bh4 Be6 9. Bb3 Re8 10. O-O Nd4 11. Nxd4 Bxd4 12. Rb1 Bxb3 13. axb3 g5 14.
Bg3 c6 15. Ra1 d5 16. Re1 Qd7 17. exd5 cxd5 18. Ra2 Rac8 19. Ne2 Bb6 20. Qd2
e4 21. d4 Qf5 22. Nc3 a6 23. Raa1 Nh5 24. Bh2 Nf4 25. Kh1 Ne6 26. Ne2 Qxf2
27. Rf1 Qh4 28. Bg3 Qh5 29. Be5 Bd8 30. Ng3 Qg6 31. Nf5 f6 32. Bg3 Bc7 33.
Bxc7 Rxc7 34. Ne3 Rd8 35. Rf5 Nf4 36. Qf2 Rd6 37. c3 Rcd7 38. Kh2 Nd3 39.
Qe2 Nf4 40. Qf2 Kg7 41. Rf1 b5 42. g3 Nd3 43. Qg2 a5 44. Ra1 a4 45. Qc2 axb3
46. Qxb3 Qh5 47. g4 Qh4 48. Ng2 Qf2 49. Rxf2 Nxf2 50. Kg3 Nd3 51. Qxb5 Re7
52. Ra6 Rdd7 53. Qb8 Kf7 54. Ra8 Ke6 55. Ra6+ Kf7 56. h4 gxh4+ 57. Nxh4 e3
58. Nf5 e2 59. Rxf6+ Kxf6 60. Qf8+ Kg6 61. Qxh6+ Kf7 62. Qg7+ Ke6
{Black resigns}
1-0

[Event "ICC tourney 2049 (75 10)"]
[Site "Internet Chess Club"]
[Date "2020.10.10"]
[Round "3"]
[White "OctopusYule"]
[Black "arsenicblast"]
[Result "0-1"]
[ICCResult "White resigns"]
[WhiteElo "1821"]
[BlackElo "2026"]
[Opening "Ruy Lopez: closed, Breyer, Borisenko variation"]
[ECO "C95"]
[NIC "RL.25"]
[Time "14:46:29"]
[TimeControl "4500+10"]

1. e4 e5 2. Nf3 Nc6 3. Bb5 a6 4. Ba4 Nf6 5. O-O Be7 6. Re1 b5 7. Bb3 d6 8.
c3 O-O 9. h3 Nb8 10. d4 Nbd7 11. Nbd2 Bb7 12. Bc2 Re8 13. Nf1 Bf8 14. Ng3 g6
15. Bg5 h6 16. Be3 Kh7 17. a4 c5 18. d5 c4 19. Qd2 Qc7 20. Ra3 Nc5 21. Bxc5
Qxc5 22. Rea1 Nd7 23. Nh2 Bg7 24. Kh1 h5 25. Nf3 Bh6 26. Qe2 b4 27. cxb4
Qxb4 28. R1a2 a5 29. Nh4 Bg5 30. Nhf5 Nf6 31. h4 Bf4 32. Ne3 Ba6 33. Qf3
Qe1+ 34. Ngf1 Bxe3 35. Ra1 Bc1 36. Kg1 c3 37. Qxf6 Qxf1+ 38. Kh2 Kg8 39.
bxc3 Bf4+ 40. g3 Qxf2+ 41. Kh1 Qf3+ {White resigns} 0-1

[Event "ICC tourney 2049 (75 10)"]
[Site "Internet Chess Club"]
[Date "2020.10.10"]
[Round "3"]
[White "xyzchessdude"]
[Black "corviknight"]
[Result "1/2-1/2"]
[ICCResult "Game drawn by mutual agreement"]
[WhiteElo "2033"]
[BlackElo "1814"]
[Opening "Neo-Grünfeld, 6.O-O, main line"]
[ECO "A11"]
[NIC "RE.07"]
[Time "14:47:18"]
[TimeControl "4500+10"]

1. Nf3 d5 2. c4 c6 3. g3 Nf6 4. Bg2 g6 5. O-O Bg7 6. cxd5 cxd5 7. d4 O-O 8.
Nc3 e6 9. Bf4 a6 10. Rc1 Nc6 11. a3 Bd7 12. b4 Ne7 13. h3 Rc8 14. Ne5 Nc6
15. Qd2 Nh5 16. Nxc6 Rxc6 17. Bh6 Qc7 18. Bxg7 Kxg7 19. Na2 Rc8 20. Rxc6
Qxc6 21. Rc1 Qd6 22. Rxc8 Bxc8 23. Qc3 Bd7 24. Qc5 Qb8 25. Qc3 Nf6 26. Qc5
b6 27. Qc2 e5 28. Qc3 e4 29. e3 h5 30. h4 Qd6 31. Qc2 Bg4 32. Bf1 a5 33.
bxa5 bxa5 34. Qc5 Qxc5 35. dxc5 Nd7 36. Nc3 Nxc5 37. Nxd5 Nd3 38. Nc3 f5 39.
Bxd3 exd3 40. Nb1 Kf6 41. Nd2 Be2 42. f3 Ke6 43. Kf2 Kd5 44. e4+ Kd4 45. e5
Kxe5 46. Ke3 Kd6 47. Kd4 a4 48. f4 Bd1 49. Kxd3 Kd5 50. Nb1 Bb3 51. Nc3+ Kc5
52. Nb1 Bd1 53. Nd2 Kd5 54. Nf1 Bb3 55. Ne3+ Kc5 56. Kc3 Be6 57. Kd3
{Game drawn by mutual agreement}
1/2-1/2

[Event "ICC tourney 2049 (75 10)"]
[Site "Internet Chess Club"]
[Date "2020.10.10"]
[Round "3"]
[White "Danifrani"]
[Black "hpu2005"]
[Result "1-0"]
[ICCResult "Black resigns"]
[WhiteElo "2080"]
[BlackElo "1928"]
[Opening "Vienna gambit"]
[ECO "C25"]
[NIC "VG.04"]
[Time "14:46:42"]
[TimeControl "4500+10"]

1. e4 e5 2. Nc3 Nc6 3. f4 exf4 4. Nf3 Nge7 5. d4 d5 6. Bxf4 dxe4 7. Nxe4 Ng6
8. Bg3 Be7 9. c3 Be6 10. Bd3 O-O 11. h4 Bg4 12. Qc2 Bxf3 13. gxf3 f5 14. h5
Nh4 15. Nd2 Bg5 16. f4 Ng2+ 17. Kf2 Nxf4 18. Bc4+ Kh8 19. h6 gxh6 20. Rae1
Nd5 21. Be5+ Nxe5 22. Rxe5 Ne3 23. Rxe3 Bxe3+ 24. Kxe3 Qg5+ 25. Kf2 Rae8 26.
Rh3 Re4 27. Nf3 Qe3+ 28. Kg2 Rg4+ 29. Rg3 Rf6 30. Qe2 Rxg3+ 31. Kxg3 Rg6+
32. Kh3 Qxe2 33. Bxe2 Kg7 34. Ne5 Rg1 35. Bf3 b6 36. Nc6 a5 37. Nd8 Kf6 38.
d5 Ke7 39. Ne6 Kd6 40. Nd4 Rg5 41. Nb5+ Kd7 42. Be2 f4 43. Bg4+ Kd8 44. c4
h5 45. Be2 Rg3+ 46. Kh2 Rg5 47. Nd4 Re5 48. Nc6+ {Black resigns} 1-0

[Event "ICC tourney 2049 (75 10)"]
[Site "Internet Chess Club"]
[Date "2020.10.10"]
[Round "3"]
[White "orwind"]
[Black "vikram251107"]
[Result "0-1"]
[ICCResult "White resigns"]
[WhiteElo "1494"]
[BlackElo "2011"]
[Opening "Caro-Kann: advance variation"]
[ECO "B12"]
[NIC "CK.04"]
[Time "14:46:33"]
[TimeControl "4500+10"]

1. e4 c6 2. d4 d5 3. e5 Bf5 4. h4 h5 5. Nf3 e6 6. Bd3 Bxd3 7. Qxd3 Ne7 8.
Nbd2 Nf5 9. Nb3 Be7 10. g3 Nd7 11. c3 a6 12. Bf4 Qb6 13. Rb1 c5 14. Nbd2
cxd4 15. cxd4 Nb8 16. Nb3 a5 17. O-O O-O 18. Rfc1 Nc6 19. Nc5 Rfd8 20. Be3
Nb4 21. Qb3 Bxc5 22. dxc5 Qc6 23. Nd4 Nxd4 24. Bxd4 Qd7 25. a3 Nc6 26. Qc3
a4 27. Rd1 Na5 28. Qf3 Nb3 29. Qxh5 Rac8 30. Qg4 Nxc5 31. Bxc5 Rxc5 32. h5
Kh7 33. Rd4 Qc7 34. Re1 Rc4 35. Rxc4 Qxc4 36. Qg5 Rc8 37. Qe3 Qc2 38. Qe2
Qf5 39. Qb5 Rc2 40. Qb6 Rd2 41. Kg2 d4 42. Rf1 Qxe5 43. Qxb7 Qf5 44. Qb4 Qc2
45. Qb7 f6 46. Qf7 Qe4+ 47. Kg1 Rxb2 48. Kh2 d3 49. Kh3 Rb7 50. Qe8 d2 51.
Rd1 Qf5+ 52. Kg2 Rb2 53. h6 Qe4+ 54. Kh2 Kxh6 55. Qh8+ Qh7 56. Qxh7+ Kxh7
57. Kg2 Kg6 58. Kf1 Kf5 59. Ke2 Ke4 60. Rxd2 Rxd2+ 61. Kxd2 Kd4 62. f3 e5
63. g4 e4 64. f4 e3+ 65. Ke2 Ke4 66. f5 Kf4 67. g5 fxg5 68. f6 gxf6
{White resigns}
0-1